 Seeded DCSS version 0.30-a0-965-g42e074c17a (webtiles) character file.

Game seed: 3125986916090331667 (custom seed)

0 Parcival the Chopper (level 1, 14/18 HPs)
             Began as a Minotaur Gladiator on Mar 30, 2023.
             Quit the game on level 1 of the Dungeon.
             The game lasted 00:01:00 (19 turns).

Parcival the Chopper (Minotaur Gladiator)             Turns: 19, Time: 00:01:01

Health: 14/18      AC:  3    Str: 18    XL:     1   Next: 8%
Magic:  0/0        EV: 12    Int:  5    God:
Gold:   0          SH:  0    Dex: 11    Spells: 0/0 levels left

rFire   . . .      SeeInvis .    a - +0 war axe
rCold   . . .      Faith    .    (no shield)
rNeg    . . .      Spirit   .    b - +0 leather armour
rPois   .          Reflect  .    c - +0 hat
rElec   .          Rampage  .    (no cloak)
rCorr   .                        (no gloves)
Will    .....                    (no boots)
Stlth   +                        (no amulet)
HPRegen 0.23/turn                (no ring)
MPRegen 0.07/turn                (no ring)

@: no status effects
A: horns 2, retaliatory headbutt
a: no special abilities


You were on level 1 of the Dungeon.
You visited 1 branch of the dungeon, and saw 1 of its levels.

Inventory:

Hand Weapons
 a - a +0 war axe (weapon)
Missiles
 d - 3 throwing nets (quivered)
 e - a javelin
Armour
 b - a +0 leather armour (worn)
 c - a +0 hat (worn)


   Skills:
 + Level 2.4 Fighting
 + Level 3.6 Axes
 + Level 2.0 Throwing
 + Level 3.3 Dodging


You couldn't memorise any spells.
You didn't know any spells.
Your spell library was empty.

Dungeon Overview and Level Annotations

Branches:
Dungeon (1/15)

Altars:


Innate Abilities, Weirdness & Mutations

You have a pair of horns on your head.
You reflexively headbutt those who attack you in melee.


Message History

Welcome, Parcival the Minotaur Gladiator.
Game seed: 3125986916090331667 (custom seed) Press ? for a list of commands and other information.
Found a staircase leading out of the dungeon.
Found a stone staircase leading down.
A goblin and an endoplasm come into view.
The goblin shouts!
The endoplasm quivers.
Found a scroll labelled ROKLIF FIDEHY.
The goblin hits you but does no damage. The goblin attacks as you move away!
The goblin hits you with a +0 dagger.
A goblin comes into view. It is wielding a +0 club.
The goblin shouts!
The endoplasm closely misses you. The goblin attacks as you move away!
The goblin misses you. You furiously retaliate!
You headbutt the goblin!
You kill the goblin!
The endoplasm attacks as you move away! The endoplasm barely misses you.
You furiously retaliate!
You headbutt the endoplasm. The endoplasm attacks as you move away!
The endoplasm misses you. The goblin completely misses you.
The endoplasm completely misses you. The goblin attacks as you move away!
The goblin hits you with a +0 club.
You see here a scroll labelled ROKLIF FIDEHY.
This is a scroll of acquirement!
Unknown command.
Welcome back, Parcival the Minotaur Gladiator.
Game seed: 3125986916090331667 (custom seed) Press ? for a list of commands and other information.
Welcome back, Parcival the Minotaur Gladiator.
Game seed: 3125986916090331667 (custom seed) Press ? for a list of commands and other information.
Are you sure you want to abandon this character and quit the game? (Confirm with "yes".)

# .#.###### .#~
........# #.#~
###@####..+.
#..gJ.....#~
#.......#.#~
.###....#....##
........>.....#
.###.#.).......
#.......####
#......##
####.###


You could see an endoplasm and a goblin.

Vanquished Creatures
  A goblin (D:1)
1 creature vanquished.

Notes
Turn   | Place    | Note
-------+----------+-------------------------------------------
     0 | D:1      | Parcival the Minotaur Gladiator began the quest for the
                  | Orb.
     0 | D:1      | Reached XP level 1. HP: 18/18 MP: 0/0
    19 | D:1      | Identified a scroll of acquirement
    19 | D:1      | Quit the game

Illustrated notes

Levels and vault maps discovered:
D:1:      amcnicky_arrival_single_pillar, layout_loops_cross,
          hangedman_glass_garden

Action                     || total
---------------------------++-------
 Armour: Leather armour    ||     1
  Dodge: Dodged            ||     6

Table legend: (Time is in decaauts)
 A = Elapsed time spent in this place.
 B = Non-inter-level travel time spent in this place.
 C = Inter-level travel time spent in this place.
 D = Time resting spent in this place.
 E = Time spent auto-exploring this place.
 F = Levels seen in this place.
 G = Mean time per level.
                   A        B        C        D        E       F      G
               +--------+--------+--------+--------+--------+-----+--------+
         Total |     19 |     19 |      0 |      0 |      6 |   1 |   19.0 |
       Dungeon |     19 |     19 |      0 |      0 |      6 |   1 |   19.0 |
               +--------+--------+--------+--------+--------+-----+--------+

Top non-repeatable levels by time:
     D:1: 19 daAuts
